 Dungeon Crawl Stone Soup version 0.30.0-29-ga12c61a403 (webtiles) character file.

Game seed: 1588952276195336303

200 Gorgondantess the Shooter (level 5, -1/25 HPs)
             Began as a Spriggan Hexslinger on June 16, 2023.
             Succumbed to a water moccasin's poison
             ... on level 4 of the Dungeon.
             The game lasted 00:10:12 (3408 turns).

Gorgondantess the Shooter (Spriggan Hexslinger)     Turns: 3408, Time: 00:10:13

Health: -1/25      AC:  2    Str:  6    XL:     5   Next: 48%
Magic:  17/18      EV: 17    Int: 17    God:
Gold:   107        SH:  0    Dex: 15    Spells: 2/8 levels left

rFire   . . .        a - +1 sling
rCold   . . .        (no shield)
rNeg    . . .        c - +0 robe
rPois   .            (helmet restricted)
rElec   .            (no cloak)
rCorr   .            (gloves unavailable)
SInv    +            (boots unavailable)
Will    .....        (no amulet)
Stlth   ++           o - ring of magical power
HPRegen 0.24/turn    (no ring)
MPRegen 0.16/turn

%: no passive effects
@: lethally poisoned (-1 -> -18), very quick
A: very small, no large weapons, unfitting armour, see invisible, speed 3
a: no special abilities


You were on level 4 of the Dungeon.
You visited 1 branch of the dungeon, and saw 4 of its levels.

You collected 107 gold pieces.

Inventory:

Hand Weapons
 a - a +1 sling (weapon)
 b - a +3 rapier of freezing
 f - a +0 dagger
 t - a +1 dagger of flaming
Missiles
 r - 2 poisoned darts
Armour
 c - a +0 robe (worn)
Jewellery
 o - a ring of magical power (left hand)
 s - a ring of ice
Wands
 p - a wand of iceblast (2)
Scrolls
 d - 2 scrolls of fear {unknown}
 e - 8 scrolls of identify {unknown}
 h - a scroll of vulnerability {unknown}
 j - a scroll of enchant weapon {unknown}
 l - a scroll of fog {unknown}
 n - a scroll of noise {unknown}
 u - a scroll of enchant armour {unknown}
 v - a scroll of poison
 w - 2 scrolls of teleportation {unknown}
Potions
 g - a potion of lignification {unknown}
 i - a potion of attraction {unknown}
 k - a potion of degeneration {unknown}
 m - a potion of flight
 q - 2 potions of resistance {unknown}


   Skills:
 - Level 0.7 Fighting
 + Level 5.1 Ranged Weapons
 + Level 2.8 Dodging
 + Level 2.1 Stealth
 * Level 2.1 Spellcasting
 + Level 3.6 Hexes
 * Level 1.2 Poison Magic


You had 2 spell levels left.
You knew the following spells:

 Your Spells              Type           Power      Damage    Failure   Level
a - Slow                  Hex            56%        N/A       4%          1
b - Cigotuvi's Dreadful   Necr/Pois/Air  6%         N/A       24%         2
c - Call Canine Familiar  Summ           2%         N/A       50%         3

Your spell library contained the following spells:

 Spells                   Type           Power      Damage    Failure   Level
 Summon Small Mammal      Summ           8%         N/A       19%         1
 Inner Flame              Hex/Fire       8%         N/A       26%         3
 Portal Projectile        Hex/Tloc       16%        N/A       26%         3
 Summon Guardian Golem    Hex/Summ       8%         N/A       26%         3
 Cause Fear               Hex            7%         N/A       38%         4
 Ignite Poison            Fire/Tmut/Pois 3%         N/A       43%         3
 Freezing Cloud           Conj/Ice/Air   0%         6-21      99%         5


Dungeon Overview and Level Annotations

Branches:
Dungeon (4/15)
 Temple: D:4-7

Altars:
Fedhas
Uskayaw

Annotations:
D:2 Terence


Innate Abilities, Weirdness & Mutations

You are very small and have problems with some larger weapons.
You are too small for most types of armour.
You have supernaturally acute eyesight. (SInv)
You cover ground extremely quickly. (Speed+++)


Message History

You start resting.
HP restored.
There is a stone staircase leading down here.
You climb downwards.
There is a stone staircase leading up here.
Your +3 rapier of freezing stops glowing.
a - a +1 sling (weapon)
Found a blossoming altar of Fedhas.
Your +3 rapier of freezing glows with a cold blue light!
b - a +3 rapier of freezing (weapon)
There is a blossoming altar of Fedhas here.
g - a golden potion You enter the shallow water.
Moving in this stuff is going to be slow.
Your +3 rapier of freezing stops glowing.
a - a +1 sling (weapon)
You shoot a sling bullet.
The sling bullet misses the water moccasin.
You shoot a sling bullet.
The sling bullet hits the water moccasin!
The water moccasin is moderately wounded.
The water moccasin bites you!
You are poisoned.
The water moccasin poisons you!
Casting: Slow (safe; 4% risk of failure)
Confirm with . or Enter, or press ? or * to list all spells.
Aiming: Slow (safe; 4% risk of failure)
Press: ? - help, Shift-Dir - straight line, f/p - water moccasin
Aim: a water moccasin (moderately wounded, chance to affect: 48%)
The water moccasin resists with some effort.
You feel very sick. The water moccasin barely misses you.
The water moccasin bites you!
You are more poisoned.
The water moccasin poisons you!
Unknown command.
* * * LOW HITPOINT WARNING * * *
You feel very sick.
* * * LOW HITPOINT WARNING * * *
You feel very sick.
You die...

#.._...##...##.....+
###.#####...##.....#
#..# #⌠...⌠####### ##.#
##...## #.# #...# #.#
##...## #.# #8...8#
#.####...## #.##@....#
# #.##..##.# ##≈#
#.##..##.### ##≈≈#
#.##S.##...######≈≈≈#
##~~.....~....~~#≈≈≈≈#
#..~≈~~~~~.~~~~~~≈≈≈≈#
##~~≈≈~≈~~~~~~~~~≈~≈≈~#
#..≈≈.≈~≈~~~≈~~~≈.≈~~~#
##~≈~~.~~~~~~~~~~≈~~...


You could see a water moccasin.

Vanquished Creatures
  An ogre (D:3)
  2 adders
  A worm (D:2)
  A dart slug (D:3)
  5 orcs
  7 bats (D:1)
  6 endoplasms
  A giant cockroach (D:4)
  17 goblins
  3 hobgoblins
  7 jackals
  7 quokkas
  4 ball pythons
  3 frilled lizards
  3 kobolds (D:1)
  8 rats
76 creatures vanquished.

Notes
Turn   | Place    | Note
-------+----------+-------------------------------------------
     0 | D:1      | Gorgondantess the Spriggan Hexslinger began the quest for
                  | the Orb.
     0 | D:1      | Reached XP level 1. HP: 9/9 MP: 3/3
    89 | D:1      | Reached XP level 2. HP: 14/14 MP: 5/5
   213 | D:1      | Reached skill level 3 in Ranged Weapons
   687 | D:1      | Reached XP level 3. HP: 10/17 MP: 6/6
  1204 | D:2      | Reached skill level 1 in Stealth
  1524 | D:2      | Learned a level 2 spell: Cigotuvi's Dreadful Rot
  1787 | D:3      | Noticed Terence
  2342 | D:3      | Noticed an ogre
  2359 | D:3      | Reached skill level 4 in Ranged Weapons
  2364 | D:3      | Reached XP level 4. HP: 20/20 MP: 7/7
  2516 | D:3      | Found a hide-covered altar of Uskayaw.
  2598 | D:3      | Killed an ogre
  2599 | D:3      | Reached skill level 1 in Poison Magic
  2599 | D:3      | Reached XP level 5. HP: 24/25 MP: 9/9
  2753 | D:3      | Learned a level 3 spell: Call Canine Familiar
  2838 | D:3      | Reached skill level 5 in Ranged Weapons
  3190 | D:4      | Noticed a water moccasin
  3249 | D:4      | HP: 1/25 [water moccasin (2)]
  3380 | D:4      | Found a blossoming altar of Fedhas.
  3408 | D:4      | Succumbed to a water moccasin's poison

Illustrated notes

Levels and vault maps discovered:
D:1:      minmay_arrival_shoal_huts, layout_basic, serial_rivers,
          chequers_serial_rivers_room_a, chequers_serial_rivers_small_b,
          chequers_serial_rivers_micro_e, chequers_serial_rivers_micro_c
D:2:      layout_loops_ring
D:3:      layout_basic, old_standard_altar, st_stairs_12,
          grunt_decor_one_mirror, minmay_misc_feat_hallway,
          minmay_ogre_servants, uniq_terence
D:4:      layout_basic, lemuel_crystal_altar, serial_corexii_hall,
          corexii_hall_statues_deadend, corexii_hall_statues_i,
          corexii_hall_statues_l, chequers_hall_statues_y, small_statue_alley_b,
          chequers_serial_rivers_large_a, minmay_joined_circles, uniq_grinder,
          uniq_ijyb

Skill      XL: |  1  2  3  4  5 |
---------------+----------------+-----
Ranged Weapons | 3 4 5 |  5.1
Stealth        | 1 2 |  2.1
Spellcasting   | 2 |  2.1
Poison Magic   | 1 |  1.2
Fighting       | |  0.7
Dodging        | |  2.8
Hexes          | |  3.6

Action                     |  1- 3 |  4- 6 || total
---------------------------+-------+-------++-------
  Melee: Rapier            |       |    10 ||    10
         Punch             |       |     1 ||     1
   Fire: Sling             |   181 |   101 ||   282
   Cast: Slow              |     2 |    12 ||    14
         Cigotuvi's Dreadf |     1 |       ||     1
    Use: Potion            |       |     2 ||     2
 Armour: Robe              |     6 |     7 ||    13
  Dodge: Dodged            |    51 |    49 ||   100
